 Dungeon Crawl Stone Soup version 0.28-a0-1493-g08698888e4 (webtiles) character file.

Game seed: 16666010658424343923

9 knot the Chopper (level 2, 10/24 HPs)
             Began as a Demonspawn Berserker on Jan 13, 2022.
             Was a Follower of Trog.
             Quit the game on level 2 of the Dungeon.
             The game lasted 00:00:19 (785 turns).

knot the Chopper (Demonspawn Berserker)              Turns: 785, Time: 00:00:19

Health: 10/24      AC:  2    Str: 17    XL:     2   Next: 3%
Magic:  2/2        EV: 12    Int:  8    God:    Trog [*.....]
Gold:   36         SH:  0    Dex: 12    Spells: 1/1 levels left

rFire   . . .      SeeInvis .   a - +0 hand axe
rCold   . . .      Faith    .   (no shield)
rNeg    . . .      Spirit   .   b - +0 animal skin
rPois   .          Reflect  .   (no helmet)
rElec   .          Harm     .   (no cloak)
rCorr   .          Rampage  .   (no gloves)
Will    .....                   (no boots)
Stlth   +.........              (no amulet)
HPRegen 0.08/turn               (no ring)
MPRegen 0.08/turn               (no ring)

@: no status effects
A: demonic magic 1
a: Renounce Religion, Berserk


You were on level 2 of the Dungeon.
You worshipped Trog.
Trog was aware of your devotion.
You visited 1 branch of the dungeon, and saw 2 of its levels.

You collected 36 gold pieces.

Inventory:

Hand Weapons
 a - a +0 hand axe (weapon)
Missiles
 d - 28 stones (quivered)
Armour
 b - a +0 animal skin (worn)
Scrolls
 c - a scroll of silence {unknown}
 e - a scroll of teleportation {unknown}
 g - a scroll of enchant weapon {unknown}
Potions
 f - a potion of invisibility {unknown}
 h - a potion of curing {unknown}


   Skills:
 - Level 3.0 Fighting
 + Level 3.2 Axes
 - Level 1.7 Armour
 - Level 1.7 Dodging


You had one spell level left.
You didn't know any spells.
Your spell library contained the following spells:

 Spells                   Type           Power      Damage    Failure   Level
 Gell's Gravitas          Tloc           0%         N/A       78%         3
 Lesser Beckoning         Tloc           0%         N/A       78%         3
 Teleport Other           Tloc           0%         N/A       78%         3


Dungeon Overview and Level Annotations

Branches:
Dungeon (2/15)

Altars:


Innate Abilities, Weirdness & Mutations

Spells you cast may paralyse adjacent enemies.


Message History

No target in view!
There is a staircase leading out of the dungeon here.
Done exploring.
No target in view!
Done exploring.
No target in view!
Done exploring.
No target in view!
Done exploring.
No target in view!
(D) Dungeon
Where to? (? - help)
There is a staircase leading out of the dungeon here.
There is a stone staircase leading down here.
You climb downwards.
Found 15 gold pieces.
There is a stone staircase leading up here.
There are monsters nearby!
There are monsters nearby!
The hobgoblin shouts! x2
The hobgoblin hits you.
The hobgoblin hits you but does no damage.
There are monsters nearby!
There are monsters nearby!
You hit the hobgoblin.
The hobgoblin is heavily wounded.
You hit the hobgoblin. The hobgoblin barely misses you. The hobgoblin hits you.
You barely miss the hobgoblin.
The hobgoblin is heavily wounded.
You hit the hobgoblin. The hobgoblin barely misses you. The hobgoblin hits you.
You hit the hobgoblin but do no damage.
The hobgoblin is severely wounded.
You hit the hobgoblin.
You kill the hobgoblin!
Trog accepts your kill. The hobgoblin hits you.
You have reached level 2!
Your demonic ancestry asserts itself...
A menacing aura infuses your magic.
Are you sure you want to abandon this character and quit the game? (Confirm with "yes".)

###############
...............
............$#
......$g.....#
.......@.....#
.......<.....#
#####+###....#
....# ...# ...#
.... ....


You could see a hobgoblin.

Vanquished Creatures
  A ball python (D:1)
  2 bats (D:1)
  An endoplasm (D:1)
  A hobgoblin (D:2)
  A kobold (D:1)
  2 rats (D:1)
8 creatures vanquished.

Vanquished Creatures (others)
  4 toadstools (D:1)
4 creatures vanquished.

Grand Total: 12 creatures vanquished

Notes
Turn   | Place    | Note
-------+----------+-------------------------------------------
     0 | D:1      | knot the Demonspawn Berserker began the quest for the Orb.
     0 | D:1      | Reached XP level 1. HP: 18/18 MP: 1/1
   479 | D:1      | Found a faded altar of an unknown god.
   785 | D:2      | Gained mutation: Spells you cast may paralyse adjacent
                  | enemies. [demonic ancestry]
   785 | D:2      | Reached XP level 2. HP: 10/24 MP: 2/2
   785 | D:2      | Quit the game

Illustrated notes

Levels and vault maps discovered:
D:1:      ldierk_walled_garden_2, layout_loops_ring,
          ebering_ecumenical_altar_webs
D:2:      layout_basic, serial_shops, nicolae_lakefront_shop, uniq_natasha,
          uniq_terence

Skill      XL: |  1 |
---------------+----+-----
Axes           | 3 |  3.2
Fighting       | |  3.0
Armour         | |  1.7
Dodging        | |  1.7

Action                   || total
-------------------------++-------
Melee: Hand axe          ||    22
Armor: Animal skin       ||    12
Dodge: Dodged            ||    17

Table legend: (Time is in decaauts)
 A = Elapsed time spent in this place.
 B = Non-inter-level travel time spent in this place.
 C = Inter-level travel time spent in this place.
 D = Time resting spent in this place.
 E = Time spent auto-exploring this place.
 F = Levels seen in this place.
 G = Mean time per level.
                   A        B        C        D        E       F      G
               +--------+--------+--------+--------+--------+-----+--------+
         Total |    793 |    757 |     36 |      0 |    693 |   2 |  396.5 |
       Dungeon |    793 |    757 |     36 |      0 |    693 |   2 |  396.5 |
               +--------+--------+--------+--------+--------+-----+--------+

Top non-repeatable levels by time:
     D:1: 787 daAuts
     D:2: 5 daAuts
